 Dungeon Crawl Stone Soup version 0.32-a0-918-g0f22ef8d61 (webtiles) character file.

Game seed: 208401203275929736

522902 bananaken the Bludgeoner (level 25, -1/202 (212) HPs)
             Began as a Coglin Berserker on Apr 10, 2024.
             Was a High Priest of Trog.
             Slain by a doom hound (11 damage)
             ... led by Grunn
             ... on level 2 of the Depths on Apr 11, 2024.
             The game lasted 03:16:20 (54711 turns).

bananaken the Bludgeoner (Coglin Berserker)        Turns: 54711, Time: 03:16:21

HP:   -1/202 (212)  AC: 46    Str: 24    XL:     25   Next: 35%
MP:   6/6           EV: 10    Int: 16    God:    Trog [*****.]
Gold: 6280          SH:  0    Dex: 17    Spells: 24/24 levels left

rFire   + + +        O - +9 eveningstar (antimagic) {Anan}
rCold   + + +        o - +10 morningstar "Eos" {elec, Halo rElec}
rNeg    . . .        s - +10 gold dragon scales
rPois   +            J - +1 hat of the Blue Skies {rF+ rC+}
rElec   +            U - scarf {rC+ rF+}
rCorr   +            p - +4 pair of gloves "Tasch" {Int+3 Stlth+}
SInv    .            g - +1 pair of boots of the Demon Prince {rF+ Regen+ Int+4 Stlth+}
Will    +++..        (amulet unavailable) Stlth
                     (ring unavailable)
HPRegen 2.33/turn    (ring unavailable)
MPRegen 0.10/turn    X - dynamic inducer {RevParry, rPois rCorr Slay+3}

%: no passive effects
@: about to teleport, strong-willed, regenerating, glowing, studying Staves,
lightly drained, revving
A: off-hand wielding, slow wielding, warmup strikes, no jewellery, low MP 1
}: 3/15 runes: decaying, silver, gossamer
a: Renounce Religion, Berserk, Trog's Hand, Brothers in Arms


You were on level 2 of the Depths.
You worshipped Trog.
Trog was extremely pleased with you.
You visited 9 branches of the dungeon, and saw 43 of its levels.
You also visited: Sewer, Ice Cave, Volcano, Wizlab and Desolation.

You collected 9176 gold pieces.
You spent 2896 gold pieces at shops.

Inventory:

Hand Weapons
 a - the +12 rapier of Trauma {antimagic, Dex+7}
   (Trog gifted it to you on level 1 of the Crypt)

   Dex+7:     It affects your dexterity (+7).
 o - the +10 morningstar "Eos" (offhand) {elec, Halo rElec}
   (You acquired it on level 5 of the Vaults)

   Halo:      It grants its wielder a halo, revealing invisible creatures and
   increasing accuracy against all within it other than the wielder.
   rElec:     It insulates you from electricity.
 O - a +9 antimagic eveningstar (weapon) {Anan}
Missiles
 N - 3 throwing nets
Armour
 g - the +1 pair of boots of the Demon Prince (worn) {rF+ Regen+ Int+4 Stlth+}
   (You found it on level 2 of the Vaults)

   Int+4:     It affects your intelligence (+4).
   rF+:       It protects you from fire.
   Regen+:    It increases your rate of health regeneration.
   Stlth+:    It makes you more stealthy.
 p - the +4 pair of gloves "Tasch" (worn) {Int+3 Stlth+}
   (You found it in the Desolation of Salt)

   Int+3:     It affects your intelligence (+3).
   Stlth+:    It makes you more stealthy.
 s - +10 gold dragon scales (worn)
 J - the +1 hat of the Blue Skies (worn) {rF+ rC+}
   (You found it on level 4 of the Spider Nest)

   rF+:       It protects you from fire.
   rC+:       It protects you from cold.
 U - a scarf of resistance (worn)
 V - the +0 pearl dragon scales "Nohy" {rN+ Str+5}
   (You bought it in a shop on level 5 of the Dungeon)

   Str+5:     It affects your strength (+5).
   rN+:       It protects you from negative energy.
Gizmo
 X - a dynamic inducer (installed) {RevParry, rPois rCorr Slay+3}
   (You invented it yourself on level 5 of the Lair of Beasts)

   [dynamic inducer]

   RevParry:  Your AC increases as you Rev (up to +5) and while fully Revved,
   your attacks may disarm enemies.
   Slay+3:    It affects your accuracy & damage with ranged weapons and melee
   (+3).
   rPois:     It protects you from poison.
   rCorr:     It protects you from acid and corrosion.
Talismans
 F - a granite talisman
 G - a flux talisman
Wands
 c - a wand of paralysis (35)
 j - a wand of light (30)
 r - a wand of flame (118)
 I - a wand of iceblast (30)
 M - a wand of digging (20)
 T - a wand of mindburst (18)
Scrolls
 b - 4 scrolls of immolation
 l - 15 scrolls of teleportation
 x - 12 scrolls of poison
 y - a scroll of silence
 z - a scroll of revelation
 A - 10 scrolls of fear
 B - 28 scrolls of identify
 C - 5 scrolls of blinking
 D - 2 scrolls of enchant weapon
 E - 7 scrolls of vulnerability
 H - a scroll of brand weapon
 K - 3 scrolls of torment
 L - 13 scrolls of noise
 Y - 2 scrolls of summoning
 Z - 5 scrolls of fog
Potions
 d - 3 potions of resistance
 e - 5 potions of attraction
 f - 6 potions of haste
 h - a potion of cancellation
 i - 2 potions of magic
 k - 11 potions of curing
 m - 5 potions of mutation
 n - 10 potions of heal wounds
 q - 5 potions of ambrosia
 u - 4 potions of might
 v - 2 potions of enlightenment
 P - 2 potions of invisibility
 W - 6 potions of lignification
Miscellaneous
 t - a phantom mirror
 w - a Gell's gravitambourine (2/2)
 R - a box of beasts
 S - a tin of tremorstones (2/2)


   Skills:
 - Level 20.4 Fighting
 - Level 3.7(5.0) Short Blades
 - Level 5.4(6.1) Long Blades
 + Level 20.7 Maces & Flails
 - Level 4.3 Throwing
 + Level 19.3 Armour
 - Level 11.0 Dodging
 - Level 10.7 Evocations
 + Level 16.3 Shapeshifting


You had 24 spell levels left.
You didn't know any spells.
Your spell library contained the following spells:

 Spells                   Type           Power      Damage    Failure   Level
 Cigotuvi's Dreadful Rot  Necr/Alch/Air  0%         N/A       100%        2
 Inner Flame              Hex/Fire       0%         N/A       100%        3
 Flame Wave               Conj/Fire      0%         2d4       100%        4
 Ignite Poison            Fire/Alch      0%         N/A       100%        4
 Sticky Flame             Fire/Alch      0%         2d4       100%        4
 Freezing Cloud           Conj/Ice/Air   0%         6-21      100%        5
 Sculpt Simulacrum        Ice/Alch       0%         N/A       100%        6
 Ozocubu's Refrigeration  Ice            0%         4d7       100%        7
 Polar Vortex             Ice            0%         N/A       100%        9


Dungeon Overview and Level Annotations

Branches:
Dungeon (15/15)            Temple (0/1) D:4            Lair (5/5) D:8
  Swamp (4/4) Lair:2       Spider (4/4) Lair:3        Slime (0/5) Lair:5
    Orc (2/2) D:9             Elf (3/3) Orc:2        Vaults (5/5) D:14
  Crypt (3/3) Vaults:3       Tomb (0/3) Crypt:3      Depths (2/4) D:15
  Sewer (visited)           IceCv (visited)         Volcano (visited)
 WizLab (visited)         Desolation (visited)

Altars:
Elyvilon
Gozag
Hepliaklqana
Kikubaaqudgha
Makhleb
Nemelex Xobeh
Okawaru
Ru
Sif Muna
Trog
Uskayaw
Vehumet
Xom
Yredelemnul
Zin
The Shining One
Beogh
Jiyva
Lugonu

Shops:
D:1 !   D:2 *   D:5 [:   D:14 **:   Orc:1 (   Orc:2 [(=:   Vaults:1 !*(:
Vaults:2 *   Vaults:5 ?   Depths:2 :**

Portals:
Hell: Depths:1 Depths:2
Abyss: Lair:5 Depths:2

Annotations:
D:15 3 runed translucent doors
Orc:1 2 transporters, Kolloet's ghost, journeyman TeSu
Vaults:3 2 transporters, Kevimi's ghost, adept FeNe


Innate Abilities, Weirdness & Mutations

You can wield a second weapon in your off-hand.
It takes a long time for you to wield or remove held weapons.
Your first few attacks do less damage.
You cannot equip rings or amulets.
Your magical capacity is low. (-10% MP)


Message History

The doom hound claws you.
* * * LOW HITPOINT WARNING * * *
Unknown command.
Unknown command.
As you read the scroll of teleportation, it crumbles to dust.
You feel strangely unstable.
The spriggan air mage waves its arms in wide circles.
The air twists around and strikes you. The doom hound bites you.
* * * LOW HITPOINT WARNING * * *
The doom hound claws you but does no damage.
Unknown command.
Unknown command.
You feel much better.
The sentinel's mark upon you fades away.
The necromancer gestures wildly while chanting.
The necromancer binds the souls of nearby monsters.
The doom hound bites you!
The doom hound claws you but does no damage.
The doom hound completely misses you.
The doom hound claws you but does no damage.
Unknown command.
The doom hound attacks as it pursues you!
The doom hound bites you!!
* * * LOW HITPOINT WARNING * * *
The doom hound claws you.
* * * LOW HITPOINT WARNING * * *
The necromancer gestures at you while chanting.
The bolt of negative energy hits the doom hound.
The doom hound completely resists.
The bolt of negative energy misses you.
The doom hound attacks as it pursues you!
The doom hound bites you!!
* * * LOW HITPOINT WARNING * * *
The doom hound claws you but does no damage.
The doom hound bites you but does no damage.
The doom hound claws you.
* * * LOW HITPOINT WARNING * * *
The doom hound bites you!
* * * LOW HITPOINT WARNING * * *
The doom hound claws you!
You die...

## #...#...# ####.###.##
######.#.^.....#.#####
#........∩.∩.∩.......#
#.####.#.....^.#.###.#
...######.###.####...#
##.##.##...#...#....
###### #..#..#..###..#..#
.....#
##..#.#..#.#..#@.###......
##...#.##.##.#hhZZ.......
##.○#.#...#.#h.#Z.......
#..#.#...#.#ip#........
##†.)......Q.ZD(Z......
#.[.......ZZ.D.)Z.....
#.#...(.......).......
#.....................
#...<.)........∩......


You could see an iron dragon (soul bound), 3 doom hounds, a fire dragon (soul
bound), a tengu warrior (soul bound), a spriggan air mage (soul bound, repels
missiles), a necromancer (soul bound), a shadow dragon zombie, a spriggan
berserker zombie, a fire giant zombie, a glowing shapeshifter zombie, a tengu
reaver zombie and a fire giant skeleton.

Vanquished Creatures
  A dread lich (Vaults:5)
  3 ancient liches
  Xtahua (Vaults:2)
  Boris (twice) (Vaults:2 Vaults:5)
  Margery (Vaults:5)
  2 golden dragons (Vaults:5)
  Nikola (Vaults:1)
  Arachne (Spider:2)
  3 bone dragons
  2 shard shrike skeletons (Crypt:3)
  Rupert (Spider:1)
  2 tentacled monstrosities (Vaults:5)
  4 liches
  A hellephant (Vaults:5)
  Asterion (Vaults:3)
  Grunn (Depths:2)
  4 deep elf blademasters
  2 deep elf master archers (Elf:3)
  5 sphinxes
  A quicksilver dragon (Vaults:5)
  7 ancient champions
  Frances (D:14)
  3 shadow dragons
  2 revenants
  A storm dragon (Vaults:5)
  4 tengu reavers
  An azure jelly (Swamp:4)
  A fenstrider witch (Swamp:4)
  4 fire giants
  An iron dragon (Depths:1)
  8 deep elf sorcerers
  2 imperial myrmidons (Desolation)
  7 deep elf elementalists (Elf:3)
  A balrug (Depths:1)
  4 frost giants
  3 emperor scorpions (Spider:4)
  4 ghost moths
  14 vault wardens
  An orc warlord (Vaults:3)
  A curse skull (Crypt:1)
  9 ghouls
  17 ironbound preservers
  2 angels (Vaults:1)
  12 very ugly things
  2 juggernaut skeletons
  4 ironbound thunderhulks
  4 vampire knights
  6 eleionomae
  6 stone giants
  8 deep elf demonologists
  16 dire elephants
  4 war gargoyles
  11 deep elf death magi
  A bunyip (Swamp:4)
  9 deep elf annihilators
  2 orange crystal statues
  4 spark wasps
  6 eidola
  3 crystal guardians (Desolation)
  Josephine (Lair:5)
  The ghost of grrhawk the Spear-Bearer, a journeyman CoGl of Makhleb (Lair:2)
  6 ettins
  4 ragged hierophants (Desolation)
  4 deep elf high priests
  10 jiangshi
  8 yaktaur captains
  2 entropy weavers
  A shambling mangrove (Swamp:3)
  3 quicksilver dragon skeletons
  27 vault guards
  A great orb of eyes (Vaults:4)
  2 peacekeepers
  3 ice dragons (Swamp:4)
  A hell beast (Depths:1)
  5 servants of whispers (Desolation)
  A jorogumo (Spider:2)
  11 ironbound frosthearts
  11 hydras
  2 ghost crabs
  An anaconda (Lair:5)
  7 ogre magi
  5 centaur warriors
  5 spriggan skeletons
  2 fenstrider witch skeletons
  26 dancing weapons
  2 catoblepae (D:15)
  2 radroaches
  5 boulder beetles
  9 two-headed ogres
  5 alligators
  A two-headed ogre (shapeshifter) (Vaults:5)
  4 death yaks
  2 demonic crawlers
  A sphinx skeleton (Crypt:1)
  2 deep troll earth magi
  8 vampire magi
  2 thrashing horrors (Lair:5)
  An orc high priest (Elf:3)
  2 hell knights (Vaults:5)
  A soul eater (Crypt:1)
  A skyshark (shapeshifter) (Vaults:5)
  16 deep elf knights
  An iron troll (Depths:1)
  A titan skeleton (Crypt:1)
  2 bunyip zombies (Crypt:1)
  3 skysharks
  11 deep elf archers
  A storm dragon skeleton (Crypt:3)
  4 pharaoh ants
  6 goliath frogs
  3 flayed ghosts
  A golden dragon zombie (Depths:2)
  57 skeletal warriors
  34 deep trolls
  3 arcanists
  Lodul (D:14)
  2 swamp dragons
  11 phantasmal warriors
  13 ironbound convokers
  3 spriggan druids
  A swamp dragon (shapeshifter) (D:15)
  7 bog bodies
  A sun moth (Spider:1)
  6 orb spiders
  A shadow dragon zombie (Crypt:1)
  2 glowing orange brains
  8 thermic dynamos
  9 lindwurms
  5 orc knights
  30 deep elf zephyrmancers
  2 steelbarb worms
  25 deep elf pyromancers
  28 ugly things
  4 anaconda skeletons
  9 necromancers
  2 shadow dragon skeletons (Crypt:3)
  3 manticores
  19 wolf spiders
  7 orc sorcerers
  5 cyclopes
  2 alligator skeletons (Volcano)
  A tengu skeleton (Crypt:1)
  6 moths of wrath
  4 will-o-the-wisps
  20 elephants
  A stone giant skeleton (Crypt:3)
  4 guardian serpents (Desolation)
  2 kobold blastminers (Orc:2)
  7 meliai
  3 black mambas
  An ice statue (IceCv)
  An orc zombie (Crypt:1)
  14 vault sentinels
  An iron dragon skeleton (Crypt:1)
  5 torpor snails
  5 large abominations (Lair:5)
  3 smoke demons (Lair:5)
  6 gargoyles
  14 cane toads
  7 freezing wraiths
  2 rime drakes
  4 centaur skeletons
  8 komodo dragons
  18 yaktaurs
  An orb spider zombie (Crypt:2)
  2 ice devils (Lair:4)
  A merfolk (shapeshifter) (Vaults:5)
  2 guardian mummies
  A queen bee (shapeshifter) (Vaults:3)
  2 tengu conjurers (Depths:2)
  7 trolls
  An iron troll skeleton (Crypt:2)
  A queen bee (D:10)
  A bloated husk (Swamp:2)
  10 polar bears
  28 tarantellas
  5 harpy skeletons
  6 tyrant leeches
  2 harpy zombies (Crypt:1)
  23 saltlings (Desolation)
  3 hornets
  A raiju (shapeshifter) (D:13)
  2 hornets (shapeshifter)
  15 blink frogs
  24 jumping spiders
  11 dream sheep
  A satyr zombie (Crypt:2)
  A snapping turtle (shapeshifter) (Vaults:5)
  2 raiju (Lair:5)
  3 black mamba zombies (Crypt:1)
  An ettin zombie (Crypt:1)
  A centaur simulacrum (D:15)
  An ettin skeleton (Crypt:3)
  Sigmund (D:2)
  5 spriggans
  17 wraiths
  2 wyverns (Lair:3)
  A shadow (D:12)
  7 water elementals
  2 air elementals
  17 slime creatures
  2 ynoxinuls (Lair:5)
  21 culicivoras
  8 small abominations (Lair:5)
  A vampire (D:11)
  A dire elephant simulacrum (Crypt:1)
  2 culicivoras (shapeshifter)
  5 fire elementals
  72 yaks
  13 wargs
  A basilisk (shapeshifter) (D:13)
  5 basilisks
  An alligator snapping turtle simulacrum (Crypt:1)
  49 redbacks
  4 steam dragons
  13 vampire mosquitoes
  2 swamp worm simulacra (Swamp:4)
  A harpy simulacrum (Crypt:1)
  A faun zombie (Crypt:1)
  21 swamp worms
  A two-headed ogre skeleton (Crypt:2)
  4 acid dragons
  16 water moccasins
  14 hydra simulacra (Swamp:4)
  Duvessa (D:4)
  21 orc warriors
  4 swamp drakes (Swamp:4)
  Pargi (Sewer)
  2 ice beasts
  A black bear (shapeshifter) (Lair:5)
  17 laughing skulls
  4 black bears
  15 ogres
  28 wolves
  8 centaurs
  A phantom (D:5)
  2 dream sheep skeletons
  A lindwurm skeleton (Crypt:1)
  A weeping skull (Volcano)
  A hog skeleton (Crypt:3)
  2 kobold brigands
  9 bullfrogs
  7 scorpions
  A warg zombie (Crypt:1)
  A gnoll sergeant (D:9)
  9 wights (D:9)
  Dowan (D:4)
  19 killer bees
  3 howler monkeys
  6 electric eels
  4 troll skeletons
  A bombardier beetle (D:4)
  9 hounds
  4 jellies
  3 human zombies (Crypt:1)
  11 orc priests
  A scrub nettle (Lair:3)
  Jessica (D:2)
  2 human skeletons
  4 iguanas
  A scorpion zombie (D:3)
  3 sleepcaps
  27 orc wizards
  A hound zombie (D:3)
  5 naga skeletons
  17 mummies
  Robin (D:4)
  5 adders
  17 gnolls
  A steam dragon zombie (Crypt:3)
  2 river rats (D:3)
  A swamp drake skeleton (Crypt:1)
  2 shadow imps (D:6)
  A white imp (D:6)
  4 ufetubi (D:6)
  6 swamp drake simulacra (Swamp:4)
  A jelly zombie (Crypt:1)
  An iguana skeleton (Crypt:3)
  2 dart slugs
  7 ribbon worms
  87 orcs
  5 ball pythons
  4 bats
  7 endoplasms
  13 giant cockroaches
  15 goblins
  7 hobgoblins
  12 kobolds
  3 quokkas
  A ball python zombie (D:3)
  2 frilled lizards
  A giant cockroach zombie (Crypt:3)
  2 orc skeletons
  9 rats
1867 creatures vanquished.

Vanquished Creatures (collateral kills)
  An ancient lich (Crypt:3)
  An imperial myrmidon (Desolation)
  A stone giant (Vaults:5)
  A yaktaur captain (Vaults:5)
  2 dancing weapons (Elf:2)
  A boulder beetle (Lair:2)
  A deep troll earth mage (Vaults:5)
  A deep elf knight (Elf:2)
  A deep elf pyromancer (Elf:2)
  2 deep elf zephyrmancers (Elf:2)
  A guardian serpent (Desolation)
  7 saltlings (Desolation)
20 creatures vanquished.

Vanquished Creatures (others)
  A deep elf death mage (Elf:3)
  2 bloated husks (Swamp:1)
  An orc (Vaults:5)
  22 foxfires
26 creatures vanquished.

Grand Total: 1913 creatures vanquished

Notes
Turn   | Place    | Note
-------+----------+-------------------------------------------
     0 | D:1      | bananaken the Coglin Berserker began the quest for the Orb.
     0 | D:1      | Reached XP level 1. HP: 18/18 MP: 1/1
   327 | D:1      | Reached XP level 2. HP: 24/24 MP: 2/2
   742 | D:1      | Found Jaabrim's Distillery.
   930 | D:2      | Reached XP level 3. HP: 27/29 MP: 3/3
  1130 | D:2      | Noticed Jessica
  1133 | D:2      | Killed Jessica
  1134 | D:2      | Reached skill level 1 in Short Blades
  1158 | D:2      | Noticed Sigmund
  1179 | D:2      | Killed Sigmund
  1180 | D:2      | Reached XP level 4. HP: 37/37 MP: 4/4
  1180 | D:2      | Reached XP level 5. HP: 42/42 MP: 5/5
  1218 | D:2      | Found Peot's Assorted Antiques.
  1481 | D:2      | Reached XP level 6. HP: 48/48 MP: 6/6
  1859 | D:3      | Reached ** piety under Trog
  1884 | D:3      | Noticed an ice beast
  1890 | D:3      | Killed an ice beast
  1930 | D:3      | Found a glowing drain.
  1986 | Sewer    | Entered a sewer
  2118 | Sewer    | Noticed Pargi
  2124 | Sewer    | Killed Pargi
  2125 | Sewer    | Reached XP level 7. HP: 55/55 MP: 7/7
  2459 | D:3      | Found a basalt altar of Yredelemnul.
  2505 | D:4      | Reached skill level 5 in Fighting
  2607 | D:4      | Noticed Robin
  2644 | D:4      | Killed Robin
  2697 | D:4      | Reached *** piety under Trog
  2787 | D:4      | Found a sparkling altar of Nemelex Xobeh.
  2787 | D:4      | Found an ancient bone altar of Kikubaaqudgha.
  2987 | D:4      | Noticed Duvessa
  2989 | D:4      | Noticed Dowan
  2998 | D:4      | Killed Dowan
  3001 | D:4      | Killed Duvessa
  3002 | D:4      | Reached XP level 8. HP: 62/62 MP: 8/8
  3053 | D:4      | Found a staircase to the Ecumenical Temple.
  3110 | D:4      | Reached skill level 5 in Maces & Flails
  3235 | D:4      | Reached skill level 1 in Evocations
  3255 | D:4      | Found a hide-covered altar of Uskayaw.
  3489 | D:4      | Found a bloodstained altar of Trog.
  3616 | D:5      | Entered Level 5 of the Dungeon
  3770 | D:5      | Found Haida's Dragon-Slaying Spoils.
  3812 | D:5      | Reached **** piety under Trog
  3813 | D:5      | Reached skill level 5 in Dodging
  3894 | D:5      | Found Yrghenyca's Self-Published Books.
  3960 | D:5      | Reached skill level 1 in Long Blades
  4350 | D:6      | Reached XP level 9. HP: 66/69 MP: 9/9
  4623 | D:6      | Reached skill level 1 in Shapeshifting
  5362 | D:7      | Found a shimmering blue altar of Sif Muna.
  5509 | D:7      | Found an iron altar of Okawaru.
  5527 | D:7      | Found a white marble altar of Elyvilon.
  5672 | D:7      | Reached XP level 10. HP: 54/79 MP: 10/10
  5845 | D:8      | Found a hazy altar of Hepliaklqana.
  5846 | D:8      | Found a shimmering altar of Xom.
  5847 | D:8      | Noticed a spectral ugly thing
  5874 | D:8      | Found a staircase to the Lair.
  5910 | D:8      | Reached ***** piety under Trog
  6132 | D:8      | Found a burning altar of Makhleb.
  6653 | Lair:1   | Entered Level 1 of the Lair of Beasts
  6723 | Lair:1   | Noticed a cane toad
  6726 | Lair:1   | Noticed a cane toad
  6737 | Lair:1   | Killed a cane toad
  6743 | Lair:1   | Noticed a cane toad
  6744 | Lair:1   | Killed a cane toad
  6749 | Lair:1   | Received a gift from Trog
  6977 | Lair:1   | Reached skill level 5 in Long Blades
  7215 | Lair:1   | Killed a cane toad
  7274 | Lair:1   | Reached skill level 5 in Armour
  7561 | Lair:2   | Noticed a cane toad
  7564 | Lair:2   | Noticed a black mamba
  7570 | Lair:2   | Reached XP level 11. HP: 69/87 MP: 3/11
  7584 | Lair:2   | Reached skill level 5 in Evocations
  8031 | Lair:2   | Noticed a four-headed hydra
  8038 | Lair:2   | Killed a four-headed hydra
  8188 | Lair:2   | Noticed a death yak
  8208 | Lair:2   | Killed a death yak
  8296 | Lair:2   | Found a staircase to the Swamp.
  8317 | Lair:2   | Reached XP level 12. HP: 80/97 MP: 4/12
  8450 | Lair:2   | Reached skill level 10 in Fighting
  8460 | Lair:2   | Found a runed translucent door.
  8460 | Lair:2   | Noticed grrhawk's ghost (journeyman CoGl)
  8460 | Lair:2   | Noticed a boulder beetle
  8895 | Lair:2   | Killed grrhawk's ghost
  8898 | Lair:2   | Killed a boulder beetle
  9059 | Lair:3   | Found a hole to the Spider Nest.
  9074 | Lair:3   | Noticed a skyshark
  9179 | Lair:3   | Killed a skyshark
  9412 | Lair:3   | Reached skill level 10 in Maces & Flails
 10140 | Lair:4   | Found a frozen archway.
 10228 | IceCv    | Entered an ice cave
 10292 | IceCv    | Reached XP level 13. HP: 71/106 MP: 4/13
 10324 | IceCv    | Identified the ring of Paidofuwk {Ice rPois rN+ Str+2}
 11280 | IceCv    | Identified the +5 flail "Kuleketo" {antimagic, rElec rC+
                  | Will+} (Trog gifted it to you in an ice cave)
 11280 | IceCv    | Received a gift from Trog
 11612 | Lair:4   | Reached skill level 10 in Armour
 12557 | Lair:5   | Entered Level 5 of the Lair of Beasts
 12564 | Lair:5   | Reached XP level 14. HP: 116/116 MP: 4/14
 12581 | Lair:5   | Acquired a dynamic inducer {RevParry, rPois rCorr Slay+3}
 12607 | Lair:5   | Identified the amulet of Coeth {Reflect rN+ Regen+ SH+5}
 12608 | Lair:5   | Noticed Josephine
 12613 | Lair:5   | Found a dark tunnel.
 12620 | Volcano  | Entered a volcano
 13212 | Lair:5   | Killed Josephine
 13435 | Lair:5   | Found a staircase to the Slime Pits.
 13435 | Lair:5   | Found a viscous altar of Jiyva.
 14475 | Lair:5   | Identified the +9 scale mail "Heelej" {rF+ rN+}
 14965 | Lair:5   | Found a corrupted altar of Lugonu.
 14965 | Lair:5   | Found a one-way gate to the infinite horrors of the Abyss.
 15333 | D:9      | Found a glowing golden altar of the Shining One.
 15453 | D:9      | Found an opulent altar of Gozag.
 15497 | D:9      | Identified a scroll of acquirement
 15499 | D:9      | Acquired the +7 demon whip "Hydra's Demise" {pain, rPois}
 15796 | D:9      | Found a staircase to the Orcish Mines.
 15821 | D:9      | Found a glowing silver altar of Zin.
 15866 | D:9      | Reached XP level 15. HP: 126/126 MP: 5/15
 15966 | Orc:1    | Entered Level 1 of the Orcish Mines
 16303 | Orc:1    | Found a transporter.
 16304 | Orc:1    | Found a transporter.
 16640 | Orc:1    | Found a bloodstained altar of Trog.
 16640 | Orc:1    | Noticed Kolloet's ghost (journeyman TeSu)
 16642 | Orc:1    | Found Itras's Weapon Emporium.
 16816 | Orc:2    | Entered Level 2 of the Orcish Mines
 16932 | Orc:2    | Found a staircase to the Elven Halls.
 17069 | Orc:2    | Gained mutation: Your magical capacity is low. (-10% MP) [a
                  | neqoxec]
 17683 | Orc:2    | Found Cilokyxt's Jewellery Shop.
 17683 | Orc:2    | Found Etwun's Book Boutique.
 17691 | Orc:2    | Received a gift from Trog
 17952 | Orc:2    | Paralysed by an ogre mage for 3 turns
 17967 | Orc:2    | Found Pudghe Waat's Antique Weapon Boutique.
 17987 | Orc:2    | Found Zyonu's Armour Shop.
 18003 | Orc:2    | Bought a faintly glowing double sword for 600 gold pieces
 18003 | Orc:2    | Identified the +8 double sword of Annihilation {flame,
                  | *Rage rF++} (You bought it in a shop on level 2 of the
                  | Orcish Mines)
 18128 | Orc:2    | Found a roughly hewn altar of Beogh.
 18422 | Elf:1    | Entered Level 1 of the Elven Halls
 18439 | Elf:1    | Received a gift from Trog
 18903 | Elf:1    | Reached skill level 15 in Maces & Flails
 19321 | Elf:1    | Reached skill level 15 in Fighting
 19447 | Elf:1    | Found a shimmering blue altar of Sif Muna.
 19473 | Elf:1    | Reached XP level 16. HP: 123/136 MP: 4/14
 21027 | Elf:2    | Found a huge runed translucent gate.
 21027 | Elf:2    | Found a huge runed translucent gate.
 21027 | Elf:2    | Found a huge runed translucent gate.
 21032 | Elf:2    | Found a huge runed translucent gate.
 21032 | Elf:2    | Found a huge runed translucent gate.
 21376 | Elf:2    | Reached ****** piety under Trog
 21459 | Elf:2    | Received a gift from Trog
 22156 | Elf:2    | Found a radiant altar of Vehumet.
 22799 | Elf:2    | Noticed a deep elf blademaster
 22812 | Elf:2    | Killed a deep elf blademaster
 23523 | Elf:3    | Entered Level 3 of the Elven Halls
 23530 | Elf:3    | Reached XP level 17. HP: 145/145 MP: 5/15
 23727 | Elf:3    | Found a radiant altar of Vehumet.
 23729 | Elf:3    | Noticed a deep elf blademaster
 23729 | Elf:3    | Noticed a deep elf master archer
 23729 | Elf:3    | Identified the +3 leather armour "Taplebise" {rF++}
 23730 | Elf:3    | Noticed an Executioner
 23730 | Elf:3    | Noticed a deep elf blademaster
 23732 | Elf:3    | Paralysed by an air elemental for 1 turns
 23737 | Elf:3    | Noticed a Hell Sentinel
 23739 | Elf:3    | Noticed a deep elf master archer
 23983 | Swamp:1  | Entered Level 1 of the Swamp
 23990 | Swamp:1  | Received a gift from Trog
 24092 | Swamp:1  | HP: 6/141 [ghost crab (4)]
 25020 | D:2      | Bought a runed scarf for 240 gold pieces
 25220 | Spider:1 | Entered Level 1 of the Spider Nest
 25772 | Spider:1 | Identified the +0 plate armour of Vohysa {Str+4}
 25953 | Spider:1 | Noticed Rupert
 25962 | Spider:1 | Killed Rupert
 26856 | Spider:2 | Noticed Arachne
 26885 | Spider:3 | Reached skill level 5 in Shapeshifting
 27044 | Spider:2 | Received a gift from Trog
 27232 | Spider:2 | Killed Arachne
 28582 | Spider:3 | Identified the +7 eveningstar "Iruir" {flame, rN+ Dex+9
                  | Stlth-} (Trog gifted it to you on level 3 of the Spider
                  | Nest)
 28582 | Spider:3 | Received a gift from Trog
 28589 | Spider:3 | Reached XP level 18. HP: 153/156 MP: 5/16
 29244 | Spider:4 | Entered Level 4 of the Spider Nest
 29888 | Spider:4 | Reached skill level 10 in Evocations
 30441 | Spider:4 | HP: 1/152 [something (10)]
 30852 | Spider:4 | Got a gossamer rune of Zot
 30853 | Spider:4 | Identified the +1 hat of the Blue Skies {rF+ rC+}
 31181 | D:5      | Bought the +0 pearl dragon scales "Nohy" {rN+ Str+5} for
                  | 1233 gold pieces
 31307 | D:10     | Entered Level 10 of the Dungeon
 32142 | D:11     | Received a gift from Trog
 34511 | D:14     | Noticed Lodul
 34532 | D:14     | Killed Lodul
 34561 | D:14     | Found Idirgh's Book Shop.
 34801 | D:14     | Noticed Frances
 34810 | D:14     | Killed Frances
 35023 | D:14     | Found Oxtophux's Assorted Antiques.
 35025 | D:14     | Found Rydul's Assorted Antiques.
 35503 | D:14     | Found a gate to the Vaults.
 35869 | D:14     | Bought a potion of curing for 78 gold pieces
 35869 | D:14     | Bought a potion of curing for 78 gold pieces
 35869 | D:14     | Bought a potion of heal wounds for 130 gold pieces
 35934 | Vaults:1 | Entered Level 1 of the Vaults
 35947 | Vaults:1 | Noticed Nikola
 35967 | Vaults:1 | Killed Nikola
 36094 | Vaults:1 | Reached XP level 19. HP: 149/165 MP: 5/17
 36150 | Vaults:1 | Found a glowing silver altar of Zin.
 36151 | Vaults:1 | Found a crumbling gateway.
 36151 | Vaults:1 | Found a glowing golden altar of the Shining One.
 36161 | Vaults:1 | Found a white marble altar of Elyvilon.
 36267 | Desolati | Entered the Desolation of Salt
 36347 | Desolati | Identified the +6 quick blade of Symmetry {chaos, rPois
                  | rN+}
 36348 | Desolati | Identified the +3 shortbow "Nanuz" {drain, rF++ rN+ Int-5}
 36598 | Desolati | Identified the +4 pair of gloves "Tasch" {Int+3 Stlth+}
 36623 | Desolati | Identified the ring "Puqau" {rElec rPois rC+ Stlth+}
 36713 | Desolati | Reached skill level 10 in Dodging
 36888 | Desolati | Identified the ring of Xuruzxynuyl {MP+9 Int+2 Slay+3}
 37107 | Vaults:1 | Found Icheum's Book Shoppe.
 37121 | Vaults:1 | Found Ymamoxzu's Weapon Shoppe.
 37473 | Vaults:1 | Found Ufiebiur's General Store.
 37637 | Vaults:1 | Found Ofaocug's Distillery.
 37879 | Vaults:2 | Found Qoutsupn's General Store.
 37883 | Vaults:2 | Identified the +2 robe of the Vaults {rF+}
 37883 | Vaults:2 | Noticed Boris
 37894 | Vaults:2 | Killed Boris
 37960 | Vaults:2 | Found a magical portal.
 38032 | WizLab   | Entered Wucad Mu's Monastery
 38234 | WizLab   | Found the crystal ball of Wucad Mu {*channel}
 38481 | Vaults:2 | Identified the +1 pair of boots of the Demon Prince {rF+
                  | Regen+ Int+4 Stlth+}
 38622 | Vaults:2 | Bought a potion of cancellation for 152 gold pieces
 38674 | Vaults:2 | Identified the ring "Ecegoop" {rElec rPois rCorr Stlth-}
 38805 | Vaults:2 | Noticed Xtahua
 38823 | Vaults:2 | Killed Xtahua
 39595 | Vaults:3 | Found a transporter.
 39595 | Vaults:3 | Noticed Kevimi's ghost (adept FeNe)
 39598 | Vaults:3 | Found a transporter.
 39674 | Vaults:3 | Reached XP level 20. HP: 176/176 MP: 6/18
 39711 | Vaults:3 | Paralysed by a sphinx for 3 turns
 39718 | Vaults:3 | Reached skill level 10 in Shapeshifting
 39729 | Vaults:3 | Reached skill level 15 in Armour
 39868 | Vaults:3 | Received a gift from Trog
 40461 | Vaults:3 | Noticed Asterion
 40474 | Vaults:3 | Killed Asterion
 40685 | Vaults:3 | Found a staircase to the Crypt.
 41478 | Vaults:4 | Received a gift from Trog
 41625 | Vaults:4 | Identified the staff of the Unspeakable One {rElec Int+3
                  | Dex+6 Stlth- Air}
 42328 | Vaults:5 | Entered Level 5 of the Vaults
 42510 | Vaults:4 | Reached XP level 21. HP: 134/184 MP: 6/18
 42720 | Vaults:5 | Received a gift from Trog
 42860 | Vaults:5 | Identified the +1 scimitar of World Downfall {drain, *Slow
                  | rElec rC- Stlth+}
 42892 | Vaults:5 | Acquired the +10 morningstar "Eos" {elec, Halo rElec}
 42892 | Vaults:5 | Found the +10 morningstar "Eos" {elec, Halo rElec}
 42910 | Vaults:5 | Reached XP level 22. HP: 192/192 MP: 6/19
 42940 | Vaults:5 | Identified the ring "Dait" {rPois rC+ MP+9 Int+4}
 42946 | Vaults:5 | Noticed a dread lich
 42967 | Vaults:5 | Killed a dread lich
 42975 | Vaults:5 | Identified the ring of Darkness {rF+ rN+}
 43005 | Vaults:5 | Identified the orb of Amorality {guile, Str+3}
 43021 | Vaults:5 | Noticed a golden dragon
 43027 | Vaults:5 | Killed a golden dragon
 43183 | Vaults:5 | Identified the +4 robe of Gos Safa {+Inv rElec Regen+}
 43183 | Vaults:5 | Noticed Boris
 43197 | Vaults:5 | Killed Boris
 43294 | Vaults:5 | Noticed an ancient lich
 43296 | Vaults:5 | Found Powoqo Igei's Magic Scroll Shop.
 43304 | Vaults:5 | Killed an ancient lich
 43308 | Vaults:5 | Received a gift from Trog
 43349 | Vaults:5 | Bought a scroll of teleportation for 69 gold pieces
 43407 | Vaults:5 | Noticed Margery
 43421 | Vaults:5 | Killed Margery
 43911 | Vaults:5 | Noticed a golden dragon
 43926 | Vaults:5 | Killed a golden dragon
 43927 | Vaults:5 | Noticed an ancient lich
 43936 | Vaults:5 | Killed an ancient lich
 43940 | Vaults:5 | Reached XP level 23. HP: 165/198 MP: 6/20
 43984 | Vaults:5 | Got a silver rune of Zot
 43987 | Vaults:5 | Identified the +3 scimitar of Sudden Death {protect, rC+
                  | Str+2}
 44011 | Vaults:5 | Identified the +6 scale mail of Hiaph {rN+ rCorr Dex+4}
 44068 | Vaults:5 | Identified the +2 pair of gloves of the Lich-sworn {Int+3
                  | Dex+3}
 44077 | Vaults:5 | Identified the staff of the Eternal Void {rElec rN+ rCorr
                  | Int-2 Necro}
 44642 | Elf:3    | Paralysed by an air elemental for 1 turns
 44655 | Elf:3    | Paralysed by an air elemental for 1 turns
 44907 | Elf:3    | Identified the +0 chain mail of the Shining Light {Int+4
                  | Dex-5}
 44938 | Elf:3    | Identified the +7 swamp dragon scales "Goemeuf" {-Tele +Inv
                  | rPois rCorr Str+4}
 44982 | Elf:3    | Identified the +3 longbow "Mifroz" {freeze, rPois rC++
                  | Will- MP-9}
 44995 | Elf:3    | Identified the +9 arbalest "Qinov" {elec, rPois Will++}
 45020 | Elf:3    | Identified the +9 war axe of Fee Simple {drain, rPois
                  | rCorr}
 45262 | Elf:3    | Identified the +2 rapier "Undertaker" {heavy, rPois Dex+2}
 45268 | Elf:3    | Identified the staff of Ekywuta {rN+ Dex+6 Necro}
 45330 | Elf:3    | Identified the staff of Somewhere Else {rElec Int+3 Dex+3
                  | Air}
 46299 | Swamp:2  | Received a gift from Trog
 47012 | Swamp:3  | Reached skill level 1 in Throwing
 47155 | Swamp:3  | Received a gift from Trog
 47373 | Swamp:4  | Entered Level 4 of the Swamp
 47887 | Swamp:4  | Got a decaying rune of Zot
 48675 | Crypt:1  | Entered Level 1 of the Crypt
 48808 | Vaults:5 | Bought a scroll of enchant armour for 172 gold pieces
 49035 | Crypt:1  | Received a gift from Trog
 49138 | Crypt:1  | Reached XP level 24. HP: 112/202 MP: 6/20
 49606 | Crypt:1  | Identified the +12 rapier of Trauma {antimagic, Dex+7}
                  | (Trog gifted it to you on level 1 of the Crypt)
 49606 | Crypt:1  | Received a gift from Trog
 50141 | Crypt:2  | Reached skill level 15 in Shapeshifting
 50681 | Crypt:3  | Entered Level 3 of the Crypt
 51011 | Crypt:3  | Noticed an ancient lich
 51014 | Crypt:3  | Received a gift from Trog
 51022 | Crypt:3  | Killed an ancient lich
 51378 | Crypt:3  | Found a staircase to the Tomb.
 51710 | Crypt:3  | Received a gift from Trog
 51749 | Crypt:3  | Found an ancient bone altar of Kikubaaqudgha.
 51795 | Crypt:3  | Noticed an ancient lich
 51795 | Crypt:3  | Identified the +5 great mace of the Hierophant {drain,
                  | Dex+7}
 51810 | Crypt:3  | Killed an ancient lich
 51955 | Crypt:3  | Identified the staff of Perutz {rPois rN+ rCorr Stlth-
                  | Necro Tloc}
 52231 | Crypt:3  | Reached XP level 25. HP: 198/212 MP: 6/20
 52254 | Crypt:3  | Identified the staff of Wyrd {rElec rN+ Necro Fire}
 52592 | D:15     | Entered Level 15 of the Dungeon
 52622 | D:15     | Acquired 1072 gold pieces
 52848 | D:15     | Found a runed translucent door.
 52862 | D:15     | Found a runed translucent door.
 52875 | D:15     | Found a runed translucent door.
 52993 | D:15     | Received a gift from Trog
 53011 | D:15     | Found a staircase to the Depths.
 53103 | D:15     | Found a runed translucent door.
 53628 | Depths:1 | Entered Level 1 of the Depths
 53669 | Depths:1 | Found a gateway to Hell.
 53871 | Depths:1 | Found a sacrificial altar of Ru.
 54129 | Depths:1 | Found a hazy altar of Hepliaklqana.
 54209 | Depths:1 | Identified the +2 leather armour of the Equinox {Regen+
                  | Int+4}
 54605 | Depths:2 | Found Jemysiu's General Store.
 54609 | Depths:2 | Found Yppobot's Assorted Antiques.
 54610 | Depths:2 | Found Losm's Book Shop.
 54613 | Depths:2 | Bought a scroll of teleportation for 54 gold pieces
 54613 | Depths:2 | Bought a potion of heal wounds for 90 gold pieces
 54692 | Depths:2 | Noticed Grunn
 54703 | Depths:2 | Killed Grunn
 54711 | Depths:2 | HP: 10/202 [doom hound[Grunn] (12)]
 54711 | Depths:2 | Slain by a doom hound

Illustrated notes

Levels and vault maps discovered:
D:1:      dpeg_arrival_boxes_within_box, layout_basic, serial_shops,
          nicolae_shop_tiny_real_fake_doors, minmay_domino_2
D:2:      layout_basic, serial_shops, shop, minmay_misc_feat_encased,
          uniq_sigmund, uniq_jessica
D:3:      layout_rooms, nicolae_yredelemnul_corpse_copse, portal_sewer_entry_a
D:4:      layout_loops_corners, kennysheep_mini,
          mainiacjoe_overflow_surrounded_room, gammafunk_temple_overflow_statue,
          minmay_temple_entry_large_hall, uniq_duvessa, uniq_robin
D:5:      layout_loops_ring, nicolae_custom_books, nicolae_shop_dragon_depot
D:6:      layout_basic, serial_bayou_pond_c, grunt_potential
D:7:      layout_rooms, general_overflow_altar, elyvilon_altar_5,
          okawaru_metal_pillars_1_2
D:8:      layout_basic, regret_index_temple_of_mockery,
          mainiacjoe_overflow_chevrons, dpeg_oklobed_lair
D:9:      layout_roguey, lemuel_round_altar, lemuel_tele_altar,
          grunt_gozag_statues, orc_0_dummy
D:10:     layout_cave_pools, hive_lemuel
D:11:     layout_loops_corners, serial_rivers, chequers_serial_rivers_small_3,
          chequers_serial_rivers_micro_d, chequers_serial_rivers_small_b,
          chequers_serial_rivers_small_a, chequers_serial_rivers_small_a
D:12:     layout_loops_corners
D:13:     layout_irregular_city, minivault_26
D:14:     layout_basic, david_vaults_4, chequers_avenue,
          nicolae_shop_distant_corner_stores, uniq_lodul, uniq_frances
D:15:     hellmonk_depths_entry_around_the_bend, layout_stronghold,
          chequers_garden, minivault_5, minmay_statue_crystal_thing
Lair:1:   layout_long_grid, special_room
Lair:2:   layout_gridlike, minmay_swamp_entry_worms, ebering_ghost_inner_flame,
          infiniplex_staircase_pool, grunt_megastairs_1
Lair:3:   layout_chaotic_city, nicolae_spider_entry_non_spiders, evilmike_ambush
          [evilmike_ambush_outer_basic, evilmike_ambush_inner_wall_1],
          lemuel_fruit_tree
Lair:4:   layout_loops_ring, portal_ice_cave_demonic_guard, beast_lair_carwin_10
Lair:5:   hellmonk_lair_end_abyssal_woods, layout_gridlike, slime_entry_1,
          nicolae_volcano_entry_two_sided, uniq_josephine
Swamp:1:  layout_basic_swamp, nicolae_swamp_triple_paths, swamp_pool_1_2
Swamp:2:  layout_basic_swamp, evilmike_swamp_ruin_rubble_2,
          infiniplex_staircase_pool_2
Swamp:3:  layout_falls_marsh, nicolae_swamp_oxbows
Swamp:4:  swamp_icy, layout_basic_swamp, swamp_pool_5
Spider:1: mumra_spider_spiderweb, nicolae_spider_spiderdrome, uniq_rupert
Spider:2: layout_spider_delve, uniq_arachne
Spider:3: layout_chambers, drop_trap
Spider:4: grunt_spider_rune_parallel, drop_trap
Orc:1:    layout_caves, serial_shops, shop, gammafunk_ghost_wrathful_warriors
Orc:2:    st_orc_town, layout_diamond_mine
Elf:1:    nicolae_elf_arrival_aired_out, layout_loops_cross, basic_altar,
          minmay_elf_annihilation
Elf:2:    elven_hall_of_blades_hangedman_alternative
          [nicolae_blade_entry_area_security], layout_loops_corners,
          basic_altar, wad_floor_pattern_2
Elf:3:    minmay_elf_hall_hex, layout_rooms, basic_altar
Vaults:1: portal_desolation_entry_holy_temple, nicolae_vaults_trapezoid_1,
          serial_ice_b, ontoclasm_vaults_decontamination,
          nicolae_vaults_little_squares_1, vaults_dpeg_hooks,
          vaults_dpeg_emergency_exit, nicolae_vaults_storage_room_glass,
          nicolae_vaults_house_2, layout_vaults_omnicross, serial_shops, shop,
          nicolae_shop_bloodbath_and_beyond, nicolae_shop_tiny_waterfront, shop,
          uniq_nikola
Vaults:2: mu_enter_wizlab_4, v_misc_4, ontoclasm_vaults_twist,
          ontoclasm_vaults_loading_screen, nicolae_vaults_storage_closets_1,
          nicolae_vaults_three_branches, vaults_room_corners,
          nicolae_vaults_trapezoid_2, layout_vaults_omnigrid, serial_shops,
          shop, uniq_xtahua, uniq_boris
Vaults:3: gammafunk_ghost_mausoleum, vaults_room_fancy_cross,
          nicolae_vaults_closet_pinwheel_5, ontoclasm_vaults_ring_square,
          v_alt_pattern_2, nicolae_vaults_apartment_1,
          nicolae_vaults_wine_cellar, v_rooms_1, v_rooms_4,
          nicolae_vaults_six-pack, minmay_crypt_entry_simple_plaza,
          grunt_vaults_hallway_long, v_misc_22, layout_vaults_big_room,
          uniq_asterion
Vaults:4: st_cross, vaults_mumra_lcd, nicolae_vaults_house_2,
          nicolae_vaults_closet_pinwheel_4, ontoclasm_vaults_chip,
          vaults_mumra_chevron, v_alt_pattern_1, v_alt_pattern_2,
          nicolae_vaults_layer_cake_slice, vaults_room_semicircle,
          serial_library_hellmonk_semicircle, nicolae_vaults_two_Ls,
          layout_vaults_ring
Vaults:5: uniq_margery
Crypt:1:  layout_chaotic_city, grunt_megastairs_4,
          grunt_crypt_arrival_guarded_gate
Crypt:2:  layout_gridlike
Crypt:3:  church_of_pain_bobbens, layout_chaotic_city,
          nicolae_tomb_entry_unfolded_pyramid_orthogonal
Depths:1: layout_gridlike, nicolae_hepliaklqana_hippocampus,
          grunt_mini_vestibule, nicolae_ru_awakened_eye
Depths:2: evilmike_negative_zone, layout_cave_shapes, enter_ziggurat_d,
          hell_entry, infiniplex_staircase_door_maze, pan_entry, abyss_entry,
          grunt_megastairs_5, serial_bayou_shore_b, minmay_shop_star, uniq_grunn

Skill      XL: |  1  2  3  4  5  6  7  8  9 10 11 12 13 14 15 16 17 18 19 20 21 22 23 24 25 |
---------------+----------------------------------------------------------------------------+-----
Dodging        | 2 3 4 5 7 9 11 | 11.0
Maces & Flails | 3 4 5 6 7 9 10 11 13 15 16 17 18 19 20 | 20.7
Short Blades   | 2 3 |  3.7
Fighting       | 4 5 6 7 8 9 11 12 14 15 16 17 18 19 20 | 20.4
Evocations     | 3 4 7 9 10 | 10.7
Long Blades    | 1 3 5 |  5.4
Armour         | 3 5 6 8 10 11 12 14 15 16 17 18 19 | 19.3
Shapeshifting  | 2 4 5 8 9 11 12 13 14 15 16 | 16.3
Throwing       | 4 |  4.3

Action                     |  1- 3 |  4- 6 |  7- 9 | 10-12 | 13-15 | 16-18 | 19-21 | 22-24 | 25-27 || total
---------------------------+-------+-------+-------+-------+-------+-------+-------+-------+-------++-------
  Melee: Mace              |    53 |    57 |   103 |       |       |       |       |       |       ||   213
         Dagger            |    48 |     5 |       |       |       |       |       |       |       ||    53
         Short sword       |       |    49 |   101 |       |       |       |       |       |       ||   150
         Whip              |       |       |   224 |   375 |   886 |   157 |       |       |       ||  1642
         Flail             |       |       |    46 |       |       |       |       |       |       ||    46
         Rapier            |       |       |   184 |    86 |       |       |       |       |       ||   270
         Eveningstar       |       |       |       |   305 |   974 |  1612 |  1599 |  1017 |   189 ||  5696
         Demon whip        |       |       |       |       |     5 |       |       |       |       ||     5
         Morningstar       |       |       |       |       |       |    45 |       |  1031 |   185 ||  1261
  Throw: Dart              |       |       |       |     6 |     1 |     1 |       |       |       ||     8
 Invoke: Berserk           |     3 |     1 |     3 |    17 |    19 |    16 |     8 |     2 |       ||    69
         Trog's Hand       |       |       |       |     2 |    14 |    24 |    24 |    21 |     2 ||    87
         Brothers in Arms  |       |       |       |     1 |       |     3 |     2 |     2 |       ||     8
Ability: Invent Gizmo      |       |       |       |       |     1 |       |       |       |       ||     1
         Evoke Invisibilit |       |       |       |       |       |     1 |       |       |       ||     1
  Evoke: Wand              |       |     4 |       |     4 |     8 |    12 |     2 |     3 |       ||    33
         Box of beasts     |       |       |       |       |       |     1 |     2 |       |       ||     3
         Phantom mirror    |       |       |       |       |       |     1 |       |       |       ||     1
         Tin of tremorston |       |       |       |       |       |     1 |       |       |       ||     1
    Use: Scroll            |       |     6 |       |    10 |    12 |    25 |    11 |    13 |     2 ||    79
         Potion            |       |       |       |     2 |     2 |    22 |     4 |     6 |     1 ||    37
   Stab: Sleeping          |     3 |     1 |     2 |       |       |       |     1 |       |       ||     7
         Invisible         |       |       |       |     1 |     1 |     8 |       |       |       ||    10
         Paralysed         |       |       |       |       |     4 |       |       |       |       ||     4
         Distracted        |       |       |       |       |       |     2 |     1 |     2 |       ||     5
         Petrifying        |       |       |       |       |       |       |       |       |     1 ||     1
         Petrified         |       |       |       |       |       |       |       |       |     1 ||     1
 Armour: Animal skin       |    28 |    28 |       |       |       |       |       |       |       ||    56
         Troll leather arm |       |       |   226 |   294 |    81 |       |       |       |       ||   601
         Plate armour      |       |       |       |       |   181 |       |       |       |       ||   181
         Chain mail        |       |       |       |       |   505 |   947 |       |       |       ||  1452
         Pearl dragon scal |       |       |       |       |       |   210 |   934 |   587 |       ||  1731
         Skin              |       |       |       |       |       |     4 |       |       |       ||     4
         Gold dragon scale |       |       |       |       |       |       |       |   671 |   308 ||   979
  Dodge: Dodged            |    37 |    51 |   216 |   240 |   369 |   564 |   567 |   549 |   102 ||  2695
         Form:             |       |       |     2 |       |       |       |       |     1 |       ||     3
         Statue            |       |       |     1 |       |       |       |       |     1 |       ||     2
         Flux              |       |       |     1 |       |       |       |       |       |       ||     1

Table legend: (Time is in decaauts)
 A = Elapsed time spent in this place.
 B = Non-inter-level travel time spent in this place.
 C = Inter-level travel time spent in this place.
 D = Time resting spent in this place.
 E = Time spent auto-exploring this place.
 F = Levels seen in this place.
 G = Mean time per level.
                   A        B        C        D        E       F      G
               +--------+--------+--------+--------+--------+-----+--------+
         Total |  54310 |  50294 |   4016 |   8685 |  30174 |  48 | 1131.5 |
       Dungeon |  13738 |  12131 |   1607 |    534 |   9232 |  15 |  915.9 |
          Lair |   7433 |   6880 |    553 |   1764 |   3722 |   5 | 1486.6 |
         Swamp |   2982 |   2758 |    224 |    216 |   1909 |   4 |  745.5 |
   Spider Nest |   5811 |   5636 |    175 |   1295 |   3340 |   4 | 1452.8 |
  Orcish Mines |   2431 |   2369 |     62 |    701 |   1169 |   2 | 1215.5 |
   Elven Halls |   6670 |   6293 |    377 |   2213 |   2735 |   3 | 2223.3 |
        Vaults |   7605 |   6814 |    791 |    899 |   4174 |   5 | 1521.0 |
         Crypt |   3371 |   3182 |    189 |    182 |   2087 |   3 | 1123.7 |
        Depths |   1052 |   1017 |     35 |      0 |    872 |   2 |  526.0 |
         Sewer |    240 |    240 |      0 |     27 |    119 |   1 |  240.0 |
      Ice Cave |   1323 |   1323 |      0 |    414 |    463 |   1 | 1323.0 |
       Volcano |    593 |    593 |      0 |     92 |    185 |   1 |  593.0 |
        Wizlab |    378 |    378 |      0 |     16 |    163 |   1 |  378.0 |
    Desolation |    679 |    679 |      0 |    329 |      0 |   1 |  679.0 |
               +--------+--------+--------+--------+--------+-----+--------+

Top non-repeatable levels by time:
   Elf:2: 2823 daAuts
   Elf:1: 2468 daAuts
Spider:3: 2194 daAuts
  Lair:2: 2110 daAuts
  Lair:5: 2000 daAuts
Vaults:3: 1797 daAuts
Vaults:5: 1654 daAuts
    D:14: 1630 daAuts
Spider:1: 1544 daAuts
 Crypt:3: 1498 daAuts
Vaults:4: 1464 daAuts
   Elf:3: 1378 daAuts
Vaults:2: 1364 daAuts
Vaults:1: 1324 daAuts
   IceCv: 1323 daAuts
